 Dungeon Crawl Stone Soup version 0.25-a0-265-g7af84ae0ac (webtiles) character file.

Game seed: 17700322891183591027, levelgen mode: deterministic

84 floatRand the Chopper (level 4, -1/33 HPs)
             Began as a Demonspawn Gladiator on Dec 8, 2019.
             Slain by an iguana (2 damage)
             ... on level 3 of the Dungeon.
             The game lasted 00:01:55 (2414 turns).

floatRand the Chopper (Demonspawn Gladiator)        Turns: 2414, Time: 00:01:56

Health: -1/33      AC:  5    Str: 14    XL:     4   Next: 24%
Magic:  4/4        EV: 12    Int: 10    God:
Gold:   50         SH:  4    Dex: 19    Spells: 3/3 levels left

rFire    + . .     SeeInvis .   a - +0 war axe
rCold    . . .     Gourm    .   l - +0 buckler
rNeg     . . .     Faith    .   b - +0 leather armour
rPois    .         Spirit   .   c - +0 helmet
rElec    .         Reflect  .   (no cloak)
rCorr    .         Harm     .   (no gloves)
MR       .....                  e - +0 pair of boots
Stlth    +++.......             (no amulet)
HPRegen  0.11/turn              (no ring)
MPRegen  0.09/turn              (no ring)

@: no status effects
A: thin skeletal structure 2, fire resistance 1
a: no special abilities


You were on level 3 of the Dungeon.
You were not hungry.

You visited 1 branch of the dungeon, and saw 3 of its levels.

You collected 50 gold pieces.

Inventory:

Hand Weapons
 a - a +0 war axe (weapon)
Missiles
 d - 3 throwing nets (quivered)
Armour
 b - a +0 leather armour (worn)
 c - a +0 helmet (worn)
 e - a +0 pair of boots (worn)
 l - a +0 buckler (worn)
Jewellery
 o - an uncursed amulet of guardian spirit {unknown}
 v - an uncursed ring of fire {unknown}
Scrolls
 i - 3 scrolls of identify {unknown}
 j - a scroll of enchant weapon {unknown}
 p - a scroll of amnesia {unknown}
 s - 2 scrolls of teleportation {unknown}
 t - a scroll of enchant armour {unknown}
 w - a scroll of remove curse {unknown}
Potions
 g - a potion of agility {unknown}
 h - 2 potions of degeneration {unknown}
 k - 2 potions of brilliance {unknown}
 m - a potion of cancellation {unknown}
 n - 3 potions of heal wounds {unknown}
 q - 2 potions of curing {unknown}
 r - 2 potions of lignification {unknown}
 u - a potion of mutation {unknown}
Comestibles
 f - 3 rations


   Skills:
 - Level 2.0 Fighting
 * Level 4.6 Axes
 - Level 1.7 Throwing
 + Level 2.7 Dodging
 + Level 0.2 Stealth


You had 3 spell levels left.
You didn't know any spells.
Your spell library was empty.

Dungeon Overview and Level Annotations

Branches:
Dungeon (3/15)

Altars:
Qazlal


Innate Abilities, Weirdness & Mutations

You have a moderately thin skeletal structure. (Dex +4, Stealth+)
Your flesh is heat resistant. (rF+)


Message History

Found a scroll labeled YNKANARURPH.
An iguana comes into view.
You see here a scroll labeled ELAEMAENTO.
A rat and an ooze come into view.
You see here a scroll labeled ELAEMAENTO.
w - a scroll labeled ELAEMAENTO The ooze quivers.
The iguana bites you!
You closely miss the iguana. The iguana barely misses you.
Unknown command.
You hit the iguana.
The iguana is moderately wounded.
The iguana bites you! x2
* * * LOW HITPOINT WARNING * * *
You barely miss the iguana.
The iguana is moderately wounded.
You hit the rat. The rat bites you.
* * * LOW HITPOINT WARNING * * *
The iguana bites you.
You die...

... ##.#.. ... #.....
..# #.....## #.#
#...?... #.# #......#
##.##
#.....#+#######...##
#.#..r)......##.....##
#...Jl@......#....)..##
#................_.....
#.#....#.#####.......#.
##.....#.######.....##
#......#.##...##...##
##.......##....##.##
#.#...#####........#
#.....................#
#.....#####........####


You could see an iguana, an ooze and a rat.

Vanquished Creatures
  2 adders (D:2)
  2 worms (D:2)
  4 dart slugs
  2 leopard geckos
  6 bats
  2 giant cockroaches
  4 goblins
  2 hobgoblins
  7 jackals
  3 ball pythons
  2 frilled lizards (D:2)
  6 kobolds
  8 rats
50 creatures vanquished.

Notes
Turn   | Place    | Note
-------+----------+-------------------------------------------
     0 | D:1      | floatRand the Demonspawn Gladiator began the quest for the
                  | Orb.
     0 | D:1      | Reached XP level 1. HP: 16/16 MP: 1/1
    38 | D:1      | Reached skill level 3 in Axes
    44 | D:1      | Gained mutation: Your flesh is heat resistant. (rF+)
                  | [demonic ancestry]
    44 | D:1      | Reached XP level 2. HP: 7/22 MP: 2/2
   916 | D:1      | Gained mutation: You have a somewhat thin skeletal
                  | structure. (Dex +2, Stealth) [demonic ancestry]
   916 | D:1      | Reached XP level 3. HP: 24/27 MP: 3/3
  1204 | D:2      | Reached skill level 4 in Axes
  1815 | D:2      | Gained mutation: You have a moderately thin skeletal
                  | structure. (Dex +4, Stealth+) [demonic ancestry]
  1815 | D:2      | Reached XP level 4. HP: 33/33 MP: 4/4
  2386 | D:3      | Found a stormy altar of Qazlal.
  2414 | D:3      | HP: 1/33 [rat (2)]
  2414 | D:3      | Slain by an iguana

Levels and vault maps discovered:
D:1:      beargit_arrival_greenhouse, layout_loops_corners, minivault_14,
          chequers_serial_rivers_small_3
D:2:      layout_basic
D:3:      wad_river_or_something, layout_basic, lemuel_round_altar

Skill      XL: |  1  2  3 |
---------------+----------+-----
Axes           | 3 4 |  4.6
Fighting       | |  2.0
Throwing       | |  1.7
Dodging        | |  2.7
Stealth        | |  0.2

Action                   |  1- 3 |  4- 6 || total
-------------------------+-------+-------++-------
Melee: War axe           |    97 |    25 ||   122
 Stab: Sleeping          |     1 |     1 ||     2
  Eat: Chunk             |     3 |     2 ||     5
Armor: Leather armour    |    44 |     6 ||    50
Dodge: Dodged            |    96 |     9 ||   105
Block: Buckler           |     7 |     7 ||    14

Table legend:
 A = Non-vault XP
 B = Vault XP
 C = Vault XP percentage of total XP
 D = Non-vault monster count
 E = Vault monster count
 F = Vault count percentage of total count
                 A         B        C        D         E       F
            +---------+---------+-------+---------+---------+-------
      Total |     119 |       2 |   1.7 |      49 |       1 |   2.0
            +---------+---------+-------+---------+---------+-------
        D:1 |      45 |       0 |   0.0 |      24 |       0 |   0.0
        D:2 |      72 |       0 |   0.0 |      24 |       0 |   0.0
        D:3 |       2 |       2 |  50.0 |       1 |       1 |  50.0
            +---------+---------+-------+---------+---------+-------
